AoeStats
← Ezio

Oasis

509766831Analyzed
3v3 RM · 5d ago on Sep 27, 2026· 42m 29s· 6 players
Game mode
Random Map
Map size
Normal (6 player)
Population
200
Speed
Normal
Resources
Standard
Victory
Conquest
Starting age
Dark Age
Ending age
Imperial Age
RankedLock teamsTeams togetherTeam positionsShared explorationLock speedFull tech treeHidden civsTurbo modeCheats
Victory
Defeat
🇪🇸 Burgundians · Spain
1030
+13
🇳🇮 Saxons · Nicaragua
1020
+14
🇺🇸 Bohemians · United States
1003
+14
🇺🇸 Danes · United States
1040
-16
🇦🇷 Byzantines · Argentina
945
-13
🇦🇷 Turks · Argentina
927
-12
Dispa
5:00 Loom
14:58 Feudal Age
31:53 Castle Age
34:05 Horse Collar
34:15 Double-Bit Axe
34:07 Elite Skirmisher
Kevin_MdP
3:56 Loom
11:06 Feudal Age
11:52 Man-at-Arms
14:48 Scale Mail Armor
16:53 Fletching
17:24 Double-Bit Axe
27:40 Castle Age
26:10 Padded Archer Armor
26:54 Stone Mining
28:19 Gambesons
27:58 Elite Skirmisher
28:36 Bodkin Arrow
32:31 Long Swordsman
37:25 Leather Archer Armor
38:58 Squires
Cuervo
7:49 Loom
11:25 Feudal Age
14:18 Feudal Age
16:07 Man-at-Arms
17:03 Forging
16:54 Scale Mail Armor
17:08 Bloodlines
22:05 Double-Bit Axe
23:46 Horse Collar
28:08 Castle Age
26:25 Padded Archer Armor
29:52 Iron Casting
29:23 Scale Barding Armor
29:34 Leather Archer Armor
34:14 Imperial Age
32:21 Wheelbarrow
36:01 Heavy Plow
36:14 Bow Saw
37:47 Hand Cart
Ezio
7:35 Loom
12:17 Feudal Age
13:21 Horse Collar
16:53 Castle Age
15:21 Double-Bit Axe
15:22 Horse Collar
18:44 Bow Saw
18:37 Heavy Plow
25:28 Wheelbarrow
26:32 Chemistry
26:52 Fletching
27:05 Padded Archer Armor
32:48 Imperial Age
30:36 Hand Cart
30:42 Hand Cart
31:47 Leather Archer Armor
33:18 Ballistics
34:50 Two-Man Saw
40:07 Conscription
Luzcius
9:21 Feudal Age
11:36 Double-Bit Axe
13:05 Loom
14:47 Fletching
18:31 Horse Collar
22:20 Castle Age
20:43 Padded Archer Armor
21:45 Scale Barding Armor
22:48 Bloodlines
22:46 Crossbowman
25:48 Bodkin Arrow
25:55 Gold Mining
27:33 Gold Shaft Mining
27:25 Scale Mail Armor
27:32 Squires
31:19 Heavy Plow
31:59 Wheelbarrow
32:32 Gambesons
33:08 Chain Mail Armor
33:10 Leather Archer Armor
34:58 Hand Cart
38:36 Imperial Age
36:29 Ballistics
36:23 Thumb Ring
38:12 Gold Shaft Mining
39:01 Arson
38:56 Arbalester
39:44 Shield Wall
40:31 Stone Mining
40:43 Town Watch
Bucky
5:41 Loom
9:34 Feudal Age
7:52 Double-Bit Axe
8:54 Loom
10:25 Gold Mining
15:55 Fletching
17:35 Bow Saw
24:47 Castle Age
23:10 Padded Archer Armor
23:38 Horse Collar
23:51 Stone Mining
25:15 Heavy Plow
25:54 Bodkin Arrow
25:21 Crossbowman
26:20 Cavalier
27:47 Leather Archer Armor
28:45 Scale Barding Armor
28:50 Forging
Connection lost

Rejoining the realm…

Still unreachable

The connection could not be restored.

Session expired

The server has moved on; the page needs a fresh start.